 Dungeon Crawl Stone Soup version 0.26.1-11-gd32895ea62 (webtiles) character file.

Game seed: 15360612809759826323

213 Silvore the Slasher (level 5, 0/39 HPs)
             Began as a Demonspawn Gladiator on June 30, 2021.
             Succumbed to an adder's poison
             ... while paralysed by Ijyb
             ... on level 3 of the Dungeon.
             The game lasted 00:04:00 (2480 turns).

Silvore the Slasher (Demonspawn Gladiator)          Turns: 2480, Time: 00:04:01

Health: 0/39       AC:  8    Str: 16    XL:     5   Next: 59%
Magic:  5/5        EV:  2    Int:  9    God:
Gold:   124        SH:  0    Dex: 14    Spells: 4/4 levels left

rFire    . . .     SeeInvis .   a - +0 long sword
rCold    . . .     Faith    .   (no shield)
rNeg     . . .     Spirit   .   b - +0 leather armour
rPois    .         Reflect  .   c - +1 helmet
rElec    .         Harm     .   (no cloak)
rCorr    .         Rampage  .   (no gloves)
Will     .....                  s - +0 pair of boots
Stlth    +.........             (no amulet)
HPRegen  0.13/turn              p - ring of flight
MPRegen  0.09/turn              e - ring of wizardry

@: paralysed, lethally poisoned (0 -> -8)
A: sharp scales 2
a: Evoke Flight


You were on level 3 of the Dungeon.
You visited 1 branch of the dungeon, and saw 3 of its levels.

You collected 124 gold pieces.

Inventory:

Hand Weapons
 a - a +0 long sword (weapon)
Missiles
 d - 3 throwing nets (quivered)
Armour
 b - a +0 leather armour (worn)
 c - a +1 helmet (worn)
 s - a +0 pair of boots (worn)
Jewellery
 e - a ring of wizardry (right hand)
 p - a ring of flight (left hand)
Scrolls
 j - a scroll of teleportation
 o - 4 scrolls of identify
Potions
 f - a potion of resistance {unknown}
 g - 2 potions of attraction {unknown}
 h - 4 potions of haste
 k - 2 potions of might {unknown}
 n - a potion of flight {unknown}
 r - a potion of ambrosia {unknown}
 v - 2 potions of degeneration {unknown}
 w - 2 potions of heal wounds {unknown}
 x - a potion of lignification {unknown}


   Skills:
 + Level 2.6 Fighting
 + Level 4.6 Long Blades
 + Level 1.8 Throwing
 + Level 1.6 Armour
 + Level 3.3 Dodging
 + Level 0.2 Stealth


You had 4 spell levels left.
You didn't know any spells.
Your spell library was empty.

Dungeon Overview and Level Annotations

Branches:
Dungeon (3/15)

Altars:

Annotations:
D:3 Ijyb


Innate Abilities, Weirdness & Mutations

You are mostly covered in razor-sharp scales. (AC +2, Slay +2)


Message History

The adder bites you but does no damage.
You closely miss Ijyb.
Ijyb is lightly wounded.
You feel sick. The adder bites you but does no damage.
Ijyb zaps a wand.
You suddenly lose the ability to move!
The now-empty wand crumbles to dust.
You feel sick. The adder bites you.
* * * LOW HITPOINT WARNING * * *
Ijyb hits you but does no damage. The adder bites you.
* * * LOW HITPOINT WARNING * * *
You are more poisoned.
The adder poisons you! The adder bites you but does no damage.
Ijyb barely misses you.
* * * LOW HITPOINT WARNING * * *
You feel sick. The adder bites you but does no damage.
* * * LOW HITPOINT WARNING * * *
You feel sick. Ijyb hits you with a +6 club.
* * * LOW HITPOINT WARNING * * *
The adder bites you but does no damage.
You die...

### ..# #.# ########## #.#
#........####### #.# #.#
#......>...
####.###.####.#.###.###
.........†....#.#g....###.
.....########.#.@S........
####.# #.###.....###.
####.## #.# #?....#
..#...#### #.# #....[#
#.............. ........
###...#############.#####
####.## .# .....# .#
######


You could see Ijyb and an adder.

Vanquished Creatures
  A necrophage (D:2)
  4 gnolls (D:3)
  2 adders (D:3)
  An ooze (D:2)
  4 dart slugs
  A leopard gecko (D:3)
  An orc (D:3)
  2 ball pythons
  6 bats
  6 giant cockroaches
  6 goblins
  7 hobgoblins
  4 jackals (D:1)
  3 frilled lizards
  5 kobolds
  4 rats
57 creatures vanquished.

Notes
Turn   | Place    | Note
-------+----------+-------------------------------------------
     0 | D:1      | Silvore the Demonspawn Gladiator began the quest for the
                  | Orb.
     0 | D:1      | Reached XP level 1. HP: 16/16 MP: 1/1
    98 | D:1      | Reached skill level 3 in Long Blades
    98 | D:1      | Gained mutation: You are partially covered in razor-sharp
                  | scales. (AC +1, Slay +1) [demonic ancestry]
    98 | D:1      | Reached XP level 2. HP: 15/22 MP: 2/2
   735 | D:1      | Reached XP level 3. HP: 21/27 MP: 3/3
  1271 | D:2      | Noticed a necrophage
  1282 | D:2      | Killed a necrophage
  1283 | D:2      | Reached skill level 4 in Long Blades
  1283 | D:2      | Reached skill level 1 in Armour
  1283 | D:2      | Reached XP level 4. HP: 28/34 MP: 4/4
  1557 | D:2      | Gained mutation: You are mostly covered in razor-sharp
                  | scales. (AC +2, Slay +2) [demonic ancestry]
  1557 | D:2      | Reached XP level 5. HP: 39/39 MP: 5/5
  2453 | D:3      | Noticed Ijyb
  2467 | D:3      | Paralysed by Ijyb for 5 turns
  2475 | D:3      | Paralysed by Ijyb for 6 turns
  2479 | D:3      | HP: 1/39 [Ijyb/+6 club (1)]
  2480 | D:3      | Succumbed to an adder's poison

Illustrated notes

Levels and vault maps discovered:
D:1:      evilmike_arrival_fibonacci_small, layout_basic, patterned_corridor
D:2:      layout_loops_corners
D:3:      layout_loops_ring, uniq_ijyb, uniq_jessica

Skill      XL: |  1  2  3 |
---------------+----------+-----
Long Blades    | 3 4 |  4.6
Dodging        | 3 |  3.3
Armour         | 1 |  1.6
Fighting       | |  2.6
Throwing       | |  1.8
Stealth        | |  0.2

Action                   |  1- 3 |  4- 6 || total
-------------------------+-------+-------++-------
Melee: Long sword        |    80 |    57 ||   137
  Use: Scroll            |     3 |     8 ||    11
Armor: Leather armour    |    37 |    37 ||    74
Dodge: Dodged            |    82 |    38 ||   120
       Rpst.: Long sword |    20 |    11 ||    31
